AoeStats
← mimikyu

Lombardia

510252155Analyzed
4v4 RM · 21h ago on Sep 30, 2026· 39m 43s· 8 players
Game mode
Random Map
Map size
Large (8 player)
Population
200
Speed
Normal
Resources
Standard
Victory
Conquest
Starting age
Dark Age
Ending age
Imperial Age
RankedLock teamsTeams togetherTeam positionsShared explorationLock speedFull tech treeHidden civsTurbo modeCheats
Victory
Defeat
🇲🇽 Danes · Mexico
1474
+11
🇲🇽 Magyars · Mexico
1365
+15
🇨🇴 Koreans · Colombia
1348
+16
🇲🇽 Persians · Mexico
1335
+16
🇲🇽 Georgians · Mexico
1413
-17
🇺🇸 Mongols · United States
1380
-16
🇭🇰 Khmer · Hong Kong SAR China
1315
-13
🇨🇳 Magyars · China
1296
-12
[A2PL]Jdbcervantes
9:21 Feudal Age
9:55 Horse Collar
10:16 Double-Bit Axe
23:51 Castle Age
23:20 Scale Barding Armor
23:25 Forging
23:37 Forging
25:13 Chain Barding Armor
29:28 Town Watch
30:05 Bow Saw
31:32 Wheelbarrow
32:48 Gold Mining
33:17 Loom
35:39 Heavy Plow
38:34 Imperial Age
36:41 Bloodlines
36:32 Husbandry
37:09 Iron Casting
38:11 Masonry
38:15 Heavy Camel Rider
40:11 Plate Barding Armor
40:36 Blast Furnace
41:15 Blast Furnace
DiegoAzul10
10:48 Feudal Age
14:31 Castle Age
12:51 Double-Bit Axe
12:47 Horse Collar
18:40 Heavy Plow
18:57 Bow Saw
21:40 Loom
22:04 Heavy Plow
23:13 Gold Mining
24:14 Stone Mining
26:23 Squires
26:09 Arson
28:49 Wheelbarrow
28:16 Scale Mail Armor
29:15 Chain Mail Armor
28:41 Hamask
30:00 Hand Cart
35:28 Imperial Age
35:16 Forging
36:33 Conscription
35:35 Elite Jomsviking
37:12 Plate Mail Armor
37:18 Iron Casting
37:44 Hoardings
37:56 Gold Shaft Mining
37:58 Stone Shaft Mining
38:07 Capped Ram
39:01 Siege Engineers
39:57 Chemistry
39:18 Ballistics
39:09 Masonry
40:08 Blast Furnace
38:59 Northmen's Fury
[A2PL]JUANDDCAB
6:33 Loom
9:23 Feudal Age
10:18 Double-Bit Axe
21:08 Castle Age
21:10 Horse Collar
24:11 Scale Barding Armor
25:35 Bloodlines
25:25 Husbandry
26:30 Wheelbarrow
28:29 Town Watch
29:14 Hand Cart
32:12 Imperial Age
30:51 Treadmill Crane
31:05 Stone Mining
31:06 Gold Mining
32:57 Chain Barding Armor
32:24 Cavalier
33:43 Scale Mail Armor
34:22 Plate Barding Armor
34:12 Conscription
34:33 Gold Shaft Mining
35:08 Bow Saw
35:04 Heavy Plow
34:55 Paladin
37:48 Crop Rotation
40:49 Two-Man Saw
[A2PL] ThaNaThoS
8:06 Loom
10:39 Feudal Age
12:30 Loom
16:06 Castle Age
14:54 Double-Bit Axe
16:21 Horse Collar
22:25 Wheelbarrow
31:25 Imperial Age
28:49 Gold Mining
28:50 Stone Mining
28:59 Town Watch
29:02 Treadmill Crane
30:05 Bow Saw
30:03 Heavy Plow
31:11 Hand Cart
31:05 Squires
30:26 Pikeman
31:01 Fletching
31:12 Scale Mail Armor
31:23 Forging
32:06 Ballistics
31:47 Bodkin Arrow
32:33 Elite War Wagon
34:06 Bracer
34:42 Iron Casting
34:22 Chain Mail Armor
35:10 Chemistry
34:29 Town Patrol
34:43 Caravan
34:26 Halberdier
36:35 Gold Shaft Mining
36:31 Eupseong
36:51 Conscription
37:50 Plate Mail Armor
39:02 Elite Fire Lancer
39:27 Arson
40:52 Two-Man Saw
40:01 Siege Engineers
40:07 Masonry
39:49 Heated Shot
mimikyu
6:51 Loom
9:20 Feudal Age
10:25 Double-Bit Axe
11:17 Horse Collar
21:59 Castle Age
22:57 Bow Saw
22:51 Heavy Plow
27:59 Gold Mining
28:05 Stone Mining
28:57 Town Watch
31:21 Scale Barding Armor
32:21 Wheelbarrow
32:15 Bloodlines
32:05 Husbandry
32:29 Scale Barding Armor
34:15 Gold Shaft Mining
虫
12:23 Feudal Age
15:36 Castle Age
13:25 Double-Bit Axe
14:08 Horse Collar
17:11 Bow Saw
23:29 Wheelbarrow
24:36 Hand Cart
24:17 Gold Mining
24:17 Stone Mining
24:14 Loom
26:49 Gold Shaft Mining
26:49 Stone Shaft Mining
26:45 Heavy Plow
31:34 Imperial Age
29:59 Town Watch
31:55 Town Patrol
32:42 Scale Barding Armor
32:48 Forging
33:32 Crop Rotation
33:32 Conscription
33:13 Tusk Swords
33:41 Husbandry
33:51 Bloodlines
34:53 Chain Barding Armor
35:09 Iron Casting
35:32 Fortified Wall
34:47 Elite Battle Elephant
36:27 Capped Ram
39:38 Double Crossbow
SecretAgent1942
10:45 Feudal Age
15:22 Castle Age
15:32 Double-Bit Axe
16:27 Bow Saw
22:57 Loom
26:20 Wheelbarrow
27:19 Hand Cart
27:07 Gold Mining
29:02 Gold Shaft Mining
29:28 Stone Mining
29:38 Horse Collar
33:05 Imperial Age
30:28 Fletching
30:49 Forging
31:06 Bodkin Arrow
31:36 Ballistics
31:56 Stone Shaft Mining
32:04 Town Watch
33:08 Town Patrol
33:49 Bracer
34:55 Chemistry
34:06 Masonry
34:16 Heavy Plow
34:50 Padded Archer Armor
36:21 Conscription
35:22 Elite Mangudai
36:29 Bloodlines
36:20 Husbandry
37:16 Thumb Ring
37:36 Parthian Tactics
37:56 Leather Archer Armor
.|.
6:15 Loom
8:55 Feudal Age
11:00 Double-Bit Axe
16:36 Castle Age
16:28 Wheelbarrow
18:16 Bow Saw
25:54 Hand Cart
30:10 Imperial Age
28:52 Fletching
29:24 Ballistics
28:55 Guard Tower
29:01 Murder Holes
29:32 Gold Mining
29:34 Stone Mining
31:53 Chemistry
31:23 Guard Tower
31:49 Svan Towers
32:05 Conscription
32:08 Arrowslits
33:49 Keep
34:31 Stone Shaft Mining
33:46 Pikeman
34:26 Squires
34:12 Gambesons
34:13 Arson
35:39 Forging
35:30 Scale Mail Armor
35:25 Bodkin Arrow
35:06 Halberdier
36:48 Horse Collar
36:55 Town Watch
38:11 Iron Casting
37:37 Bracer
37:53 Chain Mail Armor
38:02 Bloodlines
37:52 Husbandry
37:13 Light Cavalry
37:58 Heavy Plow
37:59 Town Patrol
40:36 Blast Furnace
Connection lost

Rejoining the realm…

Still unreachable

The connection could not be restored.

Session expired

The server has moved on; the page needs a fresh start.